 Dungeon Crawl Stone Soup version 0.17-a0-1558-g9d24de5 (webtiles) character file.

11503 Chiseanne the Protected (level 11, -5/87 HPs)
             Began as a Demonspawn Wanderer on July 20, 2015.
             Was an Initiate of Gozag.
             Slain by an orc warrior
             ... wielding a +0 glaive
              (12 damage)
             ... on level 2 of the Orcish Mines.
             The game lasted 00:49:24 (15435 turns).

Chiseanne the Protected (Demonspawn Wanderer)      Turns: 15435, Time: 00:49:24

Health: -5/87      AC: 10    Str: 15    XL:     11   Next: 50%
Magic:  0/20       EV: 17    Int: 13    God:    Gozag
Gold:   1607       SH:  5    Dex: 16    Spells: 0 memorised, 10 levels left

rFire  + . .     SeeInvis .     a - +2 flail (venom)
rCold  . . .     Clarity  .     K - +0 leather armour {rF+}
rNeg   . . .     SustAt   .     g - +0 buckler
rPois  .         Gourm    .     (helmet restricted)
rElec  .         Spirit   +     q - +1 cloak
rCorr  .         Warding  .     k - +0 pair of gloves
rMut   .         Stasis   .     (no boots)
MR     .....                    (no amulet)
Stlth  +.........               (no ring)
                                H - ring "Hynop" {Wiz *Drain MP+9 Int+2}

@: not resistant to hostile enchantments, very unstealthy
A: horns 2, slimy green scales 1, powered by pain 2, magic shield, magic
regeneration
a: Potion Petition, Call Merchant, Bribe Branch, Renounce Religion


You were on level 2 of the Orcish Mines.
You worshipped Gozag.
Gozag was noncommittal.
You were not hungry.

You visited 3 branches of the dungeon, and saw 13 of its levels.
You also visited: Ossuary and Bailey.

You collected 2074 gold pieces.
You spent 282 gold pieces at shops.
You paid 185 gold pieces to Gozag.

Inventory:

Hand weapons
 a - a +2 flail of venom (weapon)
 d - a +1 hand axe of freezing
 e - the +7 hunting sling of Annihilation {venom, rElec MR+}
   (You found it in a bailey)

   It poisons the ammo it fires.
   It insulates you from electricity.
   It affects your resistance to hostile enchantments.
 h - a +2 hand axe of chopping
 n - a +2 trident of flaming
 w - a +0 blowgun
 y - a +1 short sword of flaming
 A - a +0 broad axe
Missiles
 p - 7 poisoned bolts
 v - 6 needles of paralysis
 x - 140 bolts
 D - 28 sling bullets
 M - 6 tomahawks (quivered)
Armour
 g - a +0 buckler (worn)
 k - a +0 pair of gloves (worn)
 q - a +1 cloak (worn)
 K - a +0 leather armour of fire resistance (worn)
Jewellery
 o - an uncursed ring of fire
 H - the ring "Hynop" (left hand) {Wiz *Drain MP+9 Int+2}
   (You took it off an orc priest on level 7 of the Dungeon)

   [ring of wizardry]

   It improves your spell success rate.
   It affects your intelligence (+2).
   It affects your magic capacity (+9).
   It causes draining when unequipped.
Magical devices
 C - a wand of confusion (15)
 I - a wand of teleportation (2)
 Q - a wand of digging (9)
 R - a wand of invisibility (4)
 S - a wand of disintegration (0)
Scrolls
 j - 2 scrolls of teleportation
 s - 8 scrolls of remove curse
 z - a scroll of fear
 F - 3 scrolls of immolation
 L - a scroll of amnesia
Potions
 b - a potion of heal wounds
 c - 8 potions of curing
 i - a potion of haste
 m - 4 potions of brilliance
 r - a potion of magic
 t - 2 potions of mutation
 u - a potion of invisibility
 G - 2 potions of resistance
 J - a potion of cancellation
 N - a potion of might
 P - a potion of ambrosia
Books
 B - a Grand Grimoire

   Spells                             Type                      Level
   a - Monstrous Menagerie            Summoning                    6
   b - Summon Greater Demon           Summoning                    7
   c - Malign Gateway                 Summoning/Translocation      7
   d - Summon Horrible Things         Summoning                    8
Miscellaneous
 f - a lamp of fire
Comestibles
 l - a meat ration
 E - 7 bread rations


   Skills:
 + Level 8.9 Fighting
 - Level 1.7 Polearms
 * Level 5.3(5.5) Slings
   Level 1.0 Crossbows
 - Level 1.7(3.8) Throwing
 - Level 10.0 Armour
 * Level 8.5 Dodging
 - Level 5.3 Shields


You had 10 spell levels left.
You didn't know any spells.

Dungeon Overview and Level Annotations

Branches:
Dungeon (10/15)            Temple (1/1) D:4             Orc (2/4) D:10
   Lair: D:8-11

Altars:
Ashenzari
Cheibriados
Dithmenos
Elyvilon
Fedhas
Gozag
Makhleb
Nemelex Xobeh
Okawaru
Qazlal
Ru
Trog
Vehumet
Xom
Yredelemnul
Zin
The Shining One
Beogh

Shops:
D:10 }


Innate Abilities, Weirdness & Mutations

You have a pair of horns on your head.
You are partially covered in slimy green scales (AC +2).
You sometimes gain power by taking damage.
When hurt, damage is shared between your health and your magic reserves.
You regenerate magic rapidly.


Message History

The orc warrior shouts!
You hit the orc.
The orc is poisoned.
The orc is severely wounded.
The orc completely misses you. Something completely misses you.
The orc warrior hits you with a hand axe!
* * * LOW HITPOINT WARNING * * *
You hit the orc warrior but do no damage.
The orc warrior looks even sicker.
You headbutt the orc warrior.
You kill the orc warrior!
Your life force feels restored.
The orc warrior is no longer distracted by gold.
Something hits you but does no damage. You block the orc's attack.
The orc warrior hits you from afar with a glaive!
* * * LOW HITPOINT WARNING * * *
You hit something.
A puff of flame appears from out of thin air!
The puff of flame misses you. The orc misses you.
The orc warrior hits you from afar with a glaive!
You die...
Your body crumbles into a pile of gold.

...##..####....#
##.....##..##
#.......#...#
#...#.)......##
......##.#......######
......#...#....#.....##
.#.......###..........#
#........#.#...o{....##
....#..........#@#####
. ...........$####
..........#o###.##
........###...#
...._....#.#o## $
..........oo..##
$..$..$....#...# .
........$...$.#.....
............$.......


You could see an orc warrior and an orc.

Vanquished Creatures
  A hill giant (D:10)
  An orc knight (Bailey)
  An ugly thing (D:9)
  Psyche (D:8)
  2 trolls
  Grinder (D:6)
  Prince Ribbit (D:7)
  A trapdoor spider (D:10)
  A wyvern (D:9)
  2 hogs (D:7)
  A human (D:7)
  A hungry ghost (D:7)
  5 yaks
  Menkaure (D:6)
  Edmund (D:4)
  A warg (D:10)
  The ghost of VoidFox the Conjurer, an average DECj (D:4)
  Duvessa (D:4)
  19 orc warriors
  2 black bears
  5 ogres
  2 sky beasts
  An ice beast (D:5)
  2 eyes of draining (D:3)
  A phantom (D:7)
  3 centaurs
  2 big kobolds
  A crocodile (D:10)
  The ghost of voroshil the Firebug, an average HuFE (D:3)
  3 giant frogs
  Blork the orc (D:5)
  Dowan (D:4)
  5 scorpions
  6 killer bees (D:10)
  A wyvern simulacrum (D:9)
  6 crimson imps
  A centaur zombie (Ossuary)
  A giant frog zombie (D:10)
  Crazy Yiuf (D:5)
  7 hounds
  3 iguanas
  4 jellies
  16 orc priests
  15 orc wizards
  3 human zombies (Ossuary)
  2 giant frog skeletons (D:4)
  A sheep (D:7)
  A centaur skeleton (D:10)
  6 worker ants
  2 mummies (Ossuary)
  A worker ant zombie (D:5)
  18 gnolls
  16 adders
  3 shadow imps
  4 oozes
  An adder zombie (D:5)
  3 worms
  10 giant geckos
  90 orcs
  11 bats
  A bat skeleton (D:4)
  A bat zombie (D:5)
  9 giant cockroaches
  18 hobgoblins
  14 jackals
  3 ball pythons
  A giant gecko zombie (D:5)
  12 giant newts
  25 goblins
  A hobgoblin zombie (Ossuary)
  19 kobolds
  3 orc zombies (Ossuary)
  6 quokkas
  A quokka skeleton (D:5)
  A quokka zombie (D:7)
  14 rats
  A rat zombie (D:7)
436 creatures vanquished.

Vanquished Creatures (collateral kills)
  A sky beast (D:7)
1 creature vanquished.

Vanquished Creatures (others)
  An orc wizard (D:10)
1 creature vanquished.

Grand Total: 438 creatures vanquished

Notes
Turn   | Place    | Note
--------------------------------------------------------------
     0 | D:1      | Chiseanne the Demonspawn Wanderer began the quest for the Orb.
     0 | D:1      | Chiseanne set off with: a +2 scale mail, a +0 spear, a potion of curing, a bread ration
     0 | D:1      | Reached XP level 1. HP: 18/18 MP: 1/1
     1 | D:1      | Found a runed door.
   296 | D:1      | Gained mutation: You have a pair of small horns on your head. [demonic ancestry]
   296 | D:1      | Reached XP level 2. HP: 24/24 MP: 2/2
   582 | D:1      | Reached skill level 1 in Dodging
   582 | D:1      | Reached skill level 1 in Shields
   978 | D:1      | Reached XP level 3. HP: 21/29 MP: 3/3
  1379 | D:2      | Gained mutation: You sometimes gain a little power by taking damage. [demonic ancestry]
  1379 | D:2      | Reached XP level 4. HP: 32/35 MP: 4/4
  1441 | D:2      | Found a shattered altar of Ashenzari.
  1687 | D:2      | Found a basalt altar of Yredelemnul.
  1997 | D:3      | Gained mutation: You sometimes gain power by taking damage. [demonic ancestry]
  1997 | D:3      | Reached XP level 5. HP: 28/41 MP: 5/5
  2424 | D:3      | Noticed voroshil's ghost (average HuFE)
  2445 | D:3      | Killed voroshil's ghost
  2610 | D:3      | Noticed an eye of draining
  2610 | D:3      | Noticed an eye of draining
  2611 | D:3      | Found a bloodstained altar of Trog.
  2635 | D:3      | Killed an eye of draining
  2635 | D:3      | Reached XP level 6. HP: 46/48 MP: 0/6
  2645 | D:3      | Killed an eye of draining
  2645 | D:3      | Reached skill level 4 in Armour
  2970 | D:4      | Noticed Duvessa
  2970 | D:4      | Noticed Dowan
  3054 | D:4      | Killed Duvessa
  3054 | D:4      | Gained mutation: When hurt, damage is shared between your health and your magic reserves. [demonic ancestry]
  3054 | D:4      | Reached XP level 7. HP: 38/54 MP: 7/7
  3153 | D:4      | Killed Dowan
  3281 | D:4      | Noticed an air elemental
  3283 | D:4      | Found a stormy altar of Qazlal.
  3284 | D:4      | Noticed a fire elemental
  3284 | D:4      | Noticed a water elemental
  3632 | D:4      | Reached skill level 5 in Armour
  3762 | D:4      | Noticed Edmund
  3790 | D:4      | Killed Edmund
  4069 | D:4      | Gained mutation: You have a pair of horns on your head. [demonic ancestry]
  4069 | D:4      | Reached XP level 8. HP: 57/61 MP: 6/8
  4211 | D:4      | Found a burning altar of Makhleb.
  4212 | D:4      | Found a radiant altar of Vehumet.
  4266 | D:4      | Noticed VoidFox's ghost (average DECj)
  4613 | D:4      | Killed VoidFox's ghost
  4613 | D:4      | Reached skill level 5 in Shields
  4846 | D:4      | Found a staircase to the Ecumenical Temple.
  4926 | D:5      | Entered Level 5 of the Dungeon
  4941 | D:5      | Reached skill level 5 in Fighting
  5048 | D:5      | Reached skill level 6 in Armour
  5764 | D:5      | Noticed Crazy Yiuf
  5769 | D:5      | Killed Crazy Yiuf
  5872 | D:5      | Noticed Blork the orc
  5879 | D:5      | Killed Blork the orc
  6067 | D:5      | Gained mutation: You regenerate magic rapidly. [demonic ancestry]
  6067 | D:5      | Reached XP level 9. HP: 65/69 MP: 7/9
  6069 | D:5      | You fall through a shaft!
  6285 | D:6      | Noticed Menkaure
  6293 | D:6      | Killed Menkaure
  6293 | D:6      | Reached skill level 7 in Armour
  6564 | D:6      | Noticed Grinder
  6567 | D:6      | Paralysed by Grinder for 3 turns
  6581 | D:6      | Paralysed by Grinder for 6 turns
  6589 | D:6      | Killed Grinder
  6958 | D:7      | Reached skill level 5 in Dodging
  6964 | D:7      | Reached skill level 8 in Armour
  7128 | D:7      | Noticed Prince Ribbit
  7240 | D:7      | Found a sand-covered staircase.
  7252 | D:7      | Got a scintillating copper ring
  7259 | Ossuary  | Entered an ossuary
  7467 | Ossuary  | Identified the ring "Hynop" {Wiz *Drain MP+9 Int+2} (You took it off an orc priest on level 7 of the Dungeon)
  8295 | D:7      | Killed Prince Ribbit
  8295 | D:7      | Gained mutation: You are partially covered in slimy green scales (AC +2). [demonic ancestry]
  8295 | D:7      | Reached XP level 10. HP: 62/79 MP: 10/10
  8373 | D:7      | Found Zin's Purification Station.
  8373 | D:7      | Found a glowing silver altar of Zin.
  8867 | D:8      | Reached skill level 9 in Armour
  9001 | D:8      | Found a flagged portal.
  9023 | Bailey   | Entered a bailey
  9349 | Bailey   | Noticed an orc knight
  9380 | Bailey   | Killed an orc knight
  9402 | Bailey   | Got a blackened hunting sling
  9456 | Bailey   | Identified the +7 hunting sling of Annihilation {venom, rElec MR+} (You found it in a bailey)
  9606 | D:8      | Noticed Psyche
  9613 | D:8      | Killed Psyche
  9613 | D:8      | Reached skill level 1 in Slings
  9613 | D:8      | Reached skill level 10 in Armour
  9921 | Temple   | Entered the Ecumenical Temple
  9993 | Temple   | Became a worshipper of Gozag Ym Sagoz the Greedy
 10127 | D:7      | Bought a potion of curing for 90 gold pieces
 10418 | D:8      | Found a blossoming altar of Fedhas.
 10892 | D:9      | Noticed a red ugly thing
 11381 | D:9      | Killed a red ugly thing
 12195 | D:9      | Reached XP level 11. HP: 80/87 MP: 11/11
 12558 | D:9      | Found a shimmering altar of Xom.
 12618 | D:10     | Entered Level 10 of the Dungeon
 13137 | D:10     | Found a staircase to the Orcish Mines.
 13697 | D:10     | Noticed a hill giant
 13717 | D:10     | Killed a hill giant
 14125 | D:10     | Found Rodagh's Quality Used Wands.
 14180 | D:10     | Bought a wand of digging (0) for 96 gold pieces
 14180 | D:10     | Bought a wand of invisibility (0) for 48 gold pieces
 14180 | D:10     | Bought a wand of disintegration (0) for 48 gold pieces
 14395 | D:10     | Reached skill level 5 in Slings
 14503 | Orc:1    | Entered Level 1 of the Orcish Mines
 15387 | Orc:2    | Found a roughly hewn altar of Beogh.
 15435 | Orc:2    | Slain by an orc warrior

Vault maps used:
D:1:      dpeg_arrival_caged_fury
D:2:      yredelemnul_altar_generic, lemuel_crystal_altar
D:3:      trog_eyes_of_draining, first_bread
D:4:      grunt_temple_overflow_lords_of_destruction, temple_hall,
          nicolae_qazlal_style_of_elements, uniq_duvessa, uniq_edmund
D:5:      uniq_blork_the_orc, uniq_crazy_yiuf_cottage
D:6:      hangedman_decor_push, uniq_grinder, uniq_menkaure
D:7:      zin_purify, enter_ossuary_4, grunt_livestock, uniq_prince_ribbit1
D:8:      lemuel_doored_altar, enter_bailey_3, uniq_psyche
D:9:      tgw_xom
D:10:     erik_orc_3, nicolae_for_you_no_charge
Temple:   oiseaux_autumnal_temple_12
Orc:2:    nicolae_orc_accident_1, basic_altar
Ossuary:  ossuary_crypta
Bailey:   bailey_polearm_4, bailey

Action                   |  1- 3 |  4- 6 |  7- 9 | 10-12 || total
-------------------------+-------+-------+-------+-------++-------
Melee: Spear             |   182 |   210 |   136 |       ||   528
       Flail             |       |       |   428 |   402 ||   830
 Fire: Blowgun           |       |       |     4 |    22 ||    26
       Hunting sling     |       |       |       |   132 ||   132
Throw: Javelin           |       |     4 |    14 |    23 ||    41
       Tomahawk          |       |       |       |     9 ||     9
Evoke: Wand              |       |       |     2 |     4 ||     6
  Use: Scroll            |       |     8 |    13 |     7 ||    28
       Potion            |       |       |     6 |     5 ||    11
 Stab: Invisible         |       |       |       |     8 ||     8
       Distracted        |       |       |       |     5 ||     5
       Sleeping          |       |       |       |     1 ||     1
  Eat: Chunk             |     2 |     5 |    12 |     6 ||    25
       Royal jelly       |       |       |     1 |       ||     1
       Beef jerky        |       |       |     2 |     1 ||     3
       Pizza             |       |       |     1 |     7 ||     8
       Fruit             |       |       |       |     3 ||     3
       Bread ration      |       |       |       |     1 ||     1
